 Dungeon Crawl Stone Soup version 0.29-a0-998-g1987434951 (webtiles) character file.

Game seed: 5730734083126771106

321 gelatine the Chopper (level 6, -8/45 (46) HPs)
             Began as a Demonspawn Gladiator on Aug 5, 2022.
             Killed by divine providence
             ... invoked by an orc priest
              (13 damage)
             ... on level 4 of the Dungeon.
             The game lasted 00:08:42 (4579 turns).

gelatine the Chopper (Demonspawn Gladiator)         Turns: 4579, Time: 00:08:44

HP:   -8/45 (46)    AC: 13    Str: 22    XL:     6   Next: 22%
MP:   6/6           EV:  7    Int:  9    God:
Gold: 184           SH:  0    Dex: 15    Spells: 5/5 levels left

rFire   . . .      SeeInvis .   a - +0 war axe
rCold   . . .      Faith    .   (no shield)
rNeg    . . .      Spirit   .   s - +0 plate armour
rPois   .          Reflect  .   c - +0 helmet
rElec   .          Harm     .   q - +0 cloak
rCorr   .          Rampage  .   (no gloves)
Will    .....                   (no boots)
Stlth   ..........              (no amulet)
HPRegen 0.15/turn               r - +6 ring of strength
MPRegen 0.10/turn               (no ring)

@: lightly drained
A: weakness stinger 1
a: no special abilities


You were on level 4 of the Dungeon.
You visited 1 branch of the dungeon, and saw 5 of its levels.

You collected 184 gold pieces.

Inventory:

Hand Weapons
 a - a +0 war axe (weapon)
Missiles
 d - 3 throwing nets (quivered)
 e - a javelin
 l - 5 poisoned darts
Armour
 c - a +0 helmet (worn)
 q - a +0 cloak (worn)
 s - a +0 plate armour (worn)
 u - a +0 chain mail
Magical Staves
 o - a staff of poison
Jewellery
 r - a +6 ring of strength (left hand)
Wands
 A - a wand of charming (3)
Scrolls
 f - 4 scrolls of identify {unknown}
 g - a scroll of amnesia {unknown}
 t - a scroll of fear {unknown}
 x - a scroll of acquirement {unknown}
 y - a scroll of blinking {unknown}
 z - a scroll of immolation {unknown}
Potions
 h - a potion of curing
 i - a potion of haste {unknown}
 j - a potion of invisibility {unknown}
 k - a potion of flight {unknown}
 n - 2 potions of degeneration {unknown}
 p - 2 potions of heal wounds {unknown}
 w - a potion of lignification {unknown}


   Skills:
 + Level 2.8 Fighting
 + Level 4.7 Axes
 + Level 1.8 Throwing
 + Level 2.3 Armour
 + Level 3.6 Dodging
 + Level 0.7 Stealth


You had 5 spell levels left.
You didn't know any spells.
Your spell library contained the following spells:

 Spells                   Type           Power      Damage    Failure   Level
 Sublimation of Blood     Necr           0%         N/A       100%        2
 Wereblood                Tmut           0%         N/A       100%        2
 Summon Hydra             Summ           0%         N/A       100%        7


Dungeon Overview and Level Annotations

Branches:
Dungeon (5/15)
 Temple: D:4-7

Altars:
Ashenzari
Cheibriados
Trog
Wu Jian
Yredelemnul


Innate Abilities, Weirdness & Mutations

You have a small tail.


Message History

The orc priest is moderately wounded.
The orc priest invokes the aid of Beogh against you.
You barely resist.
An orc priest comes into view. It is wielding a +0 club.
You completely miss the orc priest.
The orc priest is moderately wounded.
The orc priest hits you but does no damage.
You barely miss the orc priest.
The orc priest is moderately wounded.
The orc priest hits you but does no damage.
You are electrocuted!!
The orc priest hits you but does no damage.
You barely miss the orc priest. You tail-slap the orc priest.
The orc priest is lightly wounded.
You closely miss the orc priest.
The orc priest calls down the wrath of Beogh upon you.
Beogh smites you!
* * * LOW HITPOINT WARNING * * *
The orc priest barely misses you.
You closely miss the orc priest.
Your tail-slap misses the orc priest.
The orc priest is lightly wounded.
You closely miss the orc priest.
The orc priest hits you but does no damage.
The orc priest hits you with a +0 club.
* * * LOW HITPOINT WARNING * * *
You barely miss the orc priest.
The orc priest is lightly wounded.
You closely miss the orc priest.
The orc priest hits you with a +1 whip of electrocution.
* * * LOW HITPOINT WARNING * * *
The orc priest calls upon Beogh to heal the orc priest.
The orc priest's wounds heal themselves!
You closely miss the orc priest.
The orc priest is lightly wounded.
You barely miss the orc priest.
The orc priest looks braver for a moment.
The orc priest hits you but does no damage.
The orc priest invokes the aid of Beogh against you.
Beogh smites you!
You die...

### ######..............
#..............
#............>.
#.......<...... ###
#..............
....#################...
....................#...
.......o............##+#
......o@................
.#...###########..).....
## #........ #....##..
#..[.##.. #........
#....###' +....#...
#....#...


You could see 2 orc priests.

Vanquished Creatures
  Blork the orc (D:4)
  A necrophage (D:4)
  4 gnolls (D:2)
  7 adders
  4 dart slugs
  5 ball pythons
  11 bats
  6 endoplasms
  4 giant cockroaches
  8 goblins
  5 hobgoblins
  7 jackals (D:2)
  3 quokkas
  6 frilled lizards
  6 kobolds
  7 rats
85 creatures vanquished.

Vanquished Creatures (others)
  4 fungi (D:1)
  15 plants (D:1)
19 creatures vanquished.

Grand Total: 104 creatures vanquished

Notes
Turn   | Place    | Note
-------+----------+-------------------------------------------
     0 | D:1      | gelatine the Demonspawn Gladiator began the quest for the
                  | Orb.
     0 | D:1      | Reached XP level 1. HP: 16/16 MP: 1/1
   341 | D:1      | Reached skill level 3 in Axes
   341 | D:1      | Gained mutation: You have a small tail. [demonic ancestry]
   341 | D:1      | Reached XP level 2. HP: 22/22 MP: 2/2
   859 | D:1      | Found a faded altar of an unknown god.
  1077 | D:1      | Reached skill level 1 in Armour
  1251 | D:2      | Reached XP level 3. HP: 27/27 MP: 3/3
  1339 | D:2      | You fall into a shaft and drop 2 floors!
  1358 | D:4      | Found a basalt altar of Yredelemnul.
  1516 | D:4      | Noticed Blork the orc
  1711 | D:2      | Reached XP level 4. HP: 23/32 MP: 4/4
  2083 | D:2      | Reached skill level 4 in Axes
  2147 | D:2      | Found a snail-covered altar of Cheibriados.
  2236 | D:2      | Reached XP level 5. HP: 38/39 MP: 5/5
  2951 | D:3      | Found a bloodstained altar of Trog.
  2979 | D:3      | Found a broken altar of Ashenzari.
  3588 | D:4      | Killed Blork the orc
  3709 | D:4      | Found an ornate altar of the Wu Jian Council.
  3846 | D:4      | Noticed a phantom
  3887 | D:5      | Entered Level 5 of the Dungeon
  4095 | D:4      | Reached XP level 6. HP: 19/45 MP: 6/6
  4579 | D:4      | Killed from afar by an orc priest

Illustrated notes

Levels and vault maps discovered:
D:1:      minmay_arrival_wavy_path, layout_rooms,
          dreamdust_ecumenical_altar_grove, serial_bayou_lagoon_a
D:2:      layout_rooms, basic_altar, minmay_misc_feat_columns,
          nicolae_figureground_sparkle
D:3:      layout_basic, lemuel_doored_altar, overflow_temple_1_default
D:4:      layout_gridville, okawaru_ov_weapons_minmay,
          mainiacjoe_overflow_alcove_2, yredelemnul_altar_generic,
          old_standard_altar, mainiacjoe_overflow_24_doors, temple_doors_e,
          uniq_blork_the_orc
D:5:      layout_gridville

Skill      XL: |  1  2  3  4 |
---------------+-------------+-----
Axes           | 3 4 |  4.7
Dodging        | 3 |  3.6
Armour         | 1 2 |  2.3
Fighting       | |  2.8
Throwing       | |  1.8
Stealth        | |  0.7

Action                   |  1- 3 |  4- 6 || total
-------------------------+-------+-------++-------
Melee: War axe           |   102 |   140 ||   242
       Tailslap          |     8 |    10 ||    18
       Punch             |       |     1 ||     1
  Use: Scroll            |       |     2 ||     2
       Potion            |       |     1 ||     1
 Stab: Sleeping          |       |     1 ||     1
Armor: Leather armour    |    62 |    62 ||   124
       Plate armour      |       |     5 ||     5
Dodge: Dodged            |    95 |   137 ||   232

Table legend: (Time is in decaauts)
 A = Elapsed time spent in this place.
 B = Non-inter-level travel time spent in this place.
 C = Inter-level travel time spent in this place.
 D = Time resting spent in this place.
 E = Time spent auto-exploring this place.
 F = Levels seen in this place.
 G = Mean time per level.
                   A        B        C        D        E       F      G
               +--------+--------+--------+--------+--------+-----+--------+
         Total |   4665 |   4434 |    231 |    712 |   2839 |   5 |  933.0 |
       Dungeon |   4665 |   4434 |    231 |    712 |   2839 |   5 |  933.0 |
               +--------+--------+--------+--------+--------+-----+--------+

Top non-repeatable levels by time:
     D:3: 1406 daAuts
     D:1: 1253 daAuts
     D:2: 935 daAuts
     D:4: 869 daAuts
     D:5: 199 daAuts
